 Dungeon Crawl Stone Soup version 0.32-a0-995-gb4a59205af (webtiles) character file.

Game seed: 7139801535597515509

296 GiantSquids the Ruffian (level 6, -2/42 HPs)
             Began as an Octopode Cinder Acolyte on Apr 23, 2024.
             Was a High Priest of Ignis.
             Slain by a lemure (9 damage)
             ... led by Pikel
             ... on level 4 of the Dungeon.
             The game lasted 00:10:08 (3052 turns).

GiantSquids the Ruffian (Octopode Cinder Acolyte)   Turns: 3052, Time: 00:10:09

Health: -2/42      AC:  1    Str: 15    XL:     6   Next: 34%
Magic:  16/16      EV: 11    Int: 16    God:    Ignis [*****.]
Gold:   99         SH:  0    Dex:  8    Spells: 7/7 levels left

rFire   + .          .
                       - Unarmed
rCold   . . .        (no shield)
rNeg    . . .        (helmet currently unavailable)
rPois   .            (no amulet)
rElec   .            h - ring of magical power
rCorr   .            t - ring of see invisible
SInv    +            (no ring)
Will    .....        (no ring)
Stlth   +++          (no ring)
HPRegen 0.27/turn    (no ring)
MPRegen 0.15/turn    (no ring)
                     (no ring)

%: no passive effects
@: beast-form
A: beast (slay +1), almost no armour, amphibious, 8 rings, camouflage 1,
gelatinous body 1, (nimble swimmer 1), tentacles
a: Begin Untransformation, Renounce Religion, Fiery Armour, Foxfire Swarm,
Rising Flame


You were on level 4 of the Dungeon.
You worshipped Ignis.
Ignis was extremely pleased with you.
You were a hulking beast.
You visited 1 branch of the dungeon, and saw 4 of its levels.

You collected 99 gold pieces.

Inventory:

Missiles
 m - 4 poisoned darts (quivered)
 p - 6 javelins
Jewellery
 d - a ring of fire
 h - a ring of magical power (left tentacle)
 t - a ring of see invisible (right tentacle)
Talismans
 c - a beast talisman (active)
 f - a flux talisman
 r - a blade talisman
Scrolls
 a - 2 scrolls of vulnerability {unknown}
 b - a scroll of fog {unknown}
 e - 2 scrolls of enchant armour {unknown}
 g - a scroll of poison {unknown}
 k - a scroll of amnesia {unknown}
 q - a scroll of revelation {unknown}
Potions
 i - 2 potions of enlightenment {unknown}
 j - 2 potions of curing {unknown}
 l - a potion of cancellation {unknown}
 n - a potion of mutation {unknown}
 o - a potion of might {unknown}
 s - a potion of invisibility {unknown}
 u - a potion of heal wounds {unknown}


   Skills:
 - Level 3.0 Fighting
 - Level 4.0 Stealth
 * Level 5.5 Unarmed Combat
 - Level 1.0 Spellcasting
 - Level 3.0 Fire Magic
 + Level 2.2 Shapeshifting


You had 7 spell levels left.
You didn't know any spells.
Your spell library contained the following spells:

 Spells                   Type           Power      Damage    Failure   Level
 Scorch                   Fire           20%        2d5       10%         2
 Call Canine Familiar     Summ           0%         N/A       56%         3
 Sigil of Binding         Hex            0%         N/A       56%         3
 Dimensional Bullseye     Hex/Tloc       0%         N/A       92%         4


Dungeon Overview and Level Annotations

Branches:
Dungeon (4/15)
 Temple: D:4-7

Altars:
Fedhas

Annotations:
D:4 Pikel


Innate Abilities, Weirdness & Mutations

You are a hulking beast.
Your limbs bulge with bestial killing power. (Slay +1)
You cannot wear most types of armour.
You are amphibious.
You can wear up to eight rings at the same time.
Your skin changes colour to match your surroundings (Stealth+).
Your rubbery body absorbs attacks. (AC +1, EV +1)
((You are camouflaged when in or above water. (Stealth+)))
You have tentacles for arms and can constrict up to eight enemies at once.


Message History

You tentacle-slap the lemure but do no damage.
You grab the lemure. You constrict the lemure. The lemure closely misses you.
You bludgeon the lemure! You squeeze the lemure.
The lemure is severely wounded.
You constrict the lemure. The lemure barely misses you.
You tentacle-slap the lemure.
The lemure is almost dead.
You constrict the lemure.
You kill the lemure!
That felt strangely unrewarding.
You closely miss the lemure. You grab the lemure.
Your squeeze misses the lemure. You constrict the lemure.
The lemure struggles to escape constriction.
You tentacle-slap the lemure.
The lemure is lightly wounded.
You constrict the lemure. The lemure hits you.
You tentacle-slap the lemure.
The lemure is moderately wounded.
You constrict the lemure.
The lemure struggles to escape constriction.
You tentacle-slap the lemure but do no damage.
You squeeze the lemure.
The lemure is heavily wounded.
You constrict the lemure.
You tentacle-slap the lemure but do no damage.
The lemure is severely wounded.
You constrict the lemure.
The lemure escapes!
You barely miss the lemure. Your grab misses the lemure.
You tentacle-slap the lemure.
The lemure is lightly wounded.
The lemure hits you! x2
* * * LOW HITPOINT WARNING * * *
You tentacle-slap the lemure but do no damage.
You grab the lemure. Your squeeze misses the lemure.
The lemure is severely wounded.
You constrict the lemure. The lemure hits you.
* * * LOW HITPOINT WARNING * * *
The lemure hits you!
You die...
Ignis goes out, and joins you in death.

#########.......#
#...............#
.........#'####.....
.........#....#.....
.........#....#......
.........#....# .....
.........###### .....
.#+####5##..###### #
#....5h.........# #
#...............# #
#...............# #
#...####...###### #
##...######## #
#.......# # #.......#
... # #.......+ #....
# ######'#######... #


You could see 2 lemures.

Vanquished Creatures
  2 lemures (D:4)
  A hound (D:4)
  A gnoll bouda (D:4)
  2 iguanas (D:4)
  9 gnolls
  2 adders (D:2)
  A dart slug (D:1)
  3 ribbon worms (D:3)
  7 endoplasms
  5 giant cockroaches
  12 goblins
  5 hobgoblins
  5 jackals
  4 quokkas
  6 ball pythons
  A bat (D:3)
  7 kobolds
  5 rats
78 creatures vanquished.

Notes
Turn   | Place    | Note
-------+----------+-------------------------------------------
     0 | D:1      | GiantSquids the Octopode Cinder Acolyte began the quest for
                  | the Orb.
     0 | D:1      | Reached XP level 1. HP: 16/16 MP: 2/2
    86 | D:1      | Found a faded altar of an unknown god.
   160 | D:1      | Reached skill level 1 in Stealth
   182 | D:1      | Reached XP level 2. HP: 21/21 MP: 3/3
   404 | D:1      | Reached XP level 3. HP: 21/26 MP: 4/4
   921 | D:2      | Reached skill level 4 in Unarmed Combat
  1012 | D:2      | Reached XP level 4. HP: 20/31 MP: 5/5
  1916 | D:3      | Reached skill level 1 in Shapeshifting
  1917 | D:3      | Reached XP level 5. HP: 5/36 MP: 6/6
  2221 | D:3      | Found a blossoming altar of Fedhas.
  2624 | D:4      | Reached skill level 5 in Unarmed Combat
  2735 | D:4      | Reached XP level 6. HP: 10/42 MP: 7/7
  2736 | D:4      | HP: 1/42 [gnoll/+0 club[a gnoll bouda] (8)]
  3026 | D:4      | Noticed Pikel
  3052 | D:4      | Slain by a lemure

Illustrated notes

Levels and vault maps discovered:
D:1:      roadster_arrival_rocket_small, layout_basic,
          hellmonk_ecumenical_altar_run_dry
D:2:      layout_rooms, serial_curves, eino_curves_03, eino_curves_04,
          minmay_misc_feat_columns
D:3:      layout_basic, fedhas_altar_1
D:4:      layout_gridville, old_standard_altar, uniq_pikel

Skill      XL: |  1  2  3  4  5 |
---------------+----------------+-----
Stealth        | 1 2 3 4 |  4.0
Unarmed Combat | 4 5 |  5.5
Shapeshifting  | 1 2 |  2.2
Fighting       | |  3.0
Spellcasting   | |  1.0
Fire Magic     | |  3.0

Action                     |  1- 3 |  4- 6 || total
---------------------------+-------+-------++-------
  Melee: Unarmed           |    64 |    98 ||   162
         Tentacles         |    13 |    21 ||    34
         Constrict         |    18 |    26 ||    44
         Punch             |     2 |     3 ||     5
 Invoke: Fiery Armour      |       |     2 ||     2
   Stab: Sleeping          |     2 |     6 ||     8
 Armour: Skin              |    32 |    49 ||    81
  Dodge: Dodged            |    23 |    64 ||    87
   Form: Beast             |     1 |       ||     1

Table legend: (Time is in decaauts)
 A = Elapsed time spent in this place.
 B = Non-inter-level travel time spent in this place.
 C = Inter-level travel time spent in this place.
 D = Time resting spent in this place.
 E = Time spent auto-exploring this place.
 F = Levels seen in this place.
 G = Mean time per level.
                   A        B        C        D        E       F      G
               +--------+--------+--------+--------+--------+-----+--------+
         Total |   3036 |   2987 |     49 |      0 |   2356 |   4 |  759.0 |
       Dungeon |   3036 |   2987 |     49 |      0 |   2356 |   4 |  759.0 |
               +--------+--------+--------+--------+--------+-----+--------+

Top non-repeatable levels by time:
     D:3: 1094 daAuts
     D:1: 826 daAuts
     D:2: 630 daAuts
     D:4: 485 daAuts
